 Dungeon Crawl Stone Soup version 0.29.1-13-g9f3cf754e1 (webtiles) character file.

Game seed: 14406060035356007772

746 cheesebisquit the Skirmisher (level 7, 0/84 HPs)
             Began as a Minotaur Hunter on Jan 31, 2023.
             Succumbed to a water moccasin's poison
             ... on level 7 of the Dungeon.
             The game lasted 00:13:24 (4763 turns).

cheesebisquit the Skirmisher (Minotaur Hunter)      Turns: 4763, Time: 00:13:25

Health: 0/84       AC: 23    Str: 21    XL:     7   Next: 48%
Magic:  6/6        EV:  2    Int:  6    God:
Gold:   292        SH:  0    Dex: 16    Spells: 6/6 levels left

rFire   + . .      SeeInvis .   y - +0 arbalest (flame)
rCold   + . .      Faith    .   (shield currently unavailable)
rNeg    . . .      Spirit   .   (body armour currently unavailable)
rPois   +          Reflect  .   (helmet currently unavailable)
rElec   +          Harm     .   (cloak currently unavailable)
rCorr   +          Rampage  .   (gloves currently unavailable)
Will    .....      NoTele   +   (boots currently unavailable)
Stlth   ++........              (no amulet)
HPRegen 0.24/turn               f - ring of flight
MPRegen 0.10/turn               r - +6 ring of strength

@: brilliant, lethally poisoned (0 -> -4), tree-form, resistant, weak-willed,
hasted, invisible, very quick
A: stationary, stasis, torment immunity, boosted hp, (horns 2), (retaliatory
headbutt)
a: no special abilities


You were on level 7 of the Dungeon.
You were a tree.
You visited 1 branch of the dungeon, and saw 7 of its levels.

You collected 292 gold pieces.

Inventory:

Hand Weapons
 a - a +0 shortbow
 y - a +0 arbalest of flaming (weapon)
Armour
 c - a +0 leather armour
 i - a +0 pair of gloves (melded)
 l - a +0 ring mail
 s - a +0 plate armour
 x - a +0 ring mail of willpower (melded)
Jewellery
 f - a ring of flight (left branch)
 r - a +6 ring of strength (right branch)
Scrolls
 b - 3 scrolls of immolation
 o - a scroll of butterflies
 q - a scroll of blinking
 z - a scroll of enchant weapon {unknown}
Potions
 t - a potion of haste
 u - a potion of invisibility


   Skills:
 - Level 2.4 Fighting
 + Level 10.2 Ranged Weapons
 - Level 2.1 Dodging
 - Level 0.7 Stealth


You had 6 spell levels left.
You didn't know any spells.
Your spell library contained the following spells:

 Spells                   Type           Power      Damage    Failure   Level
 Slow                     Hex            0%         N/A       45%         1
 Confusing Touch          Hex            0%         N/A       83%         3
 Vampiric Draining        Necr           0%         2d6       83%         3


Dungeon Overview and Level Annotations

Branches:
Dungeon (7/15)
 Temple: D:4-7

Altars:
Wu Jian
Zin

Shops:
D:1 *

Annotations:
D:3 2 transporters
D:6 Blork the orc


Innate Abilities, Weirdness & Mutations

You are a tree.
Your roots penetrate the ground, keeping you stationary.
You cannot be teleported.
You are immune to unholy pain and torment.
Your maximum health is greatly increased.
Your equipment is partially melded.
((You have a pair of horns on your head.))
((You reflexively headbutt those who attack you in melee.))


Message History

You turn into a tree.
Your +0 pair of gloves melds into your body.
Your +0 ring mail of willpower melds into your body.
You feel less strong-willed.
Your roots penetrate the ground.
* * * LOW HITPOINT WARNING * * *
You feel very sick.
As you read the scroll labelled URA BUGOGUFUIF, it crumbles to dust.
You feel a strange sense of stasis.
It was a scroll of teleportation.
* * * LOW HITPOINT WARNING * * *
You feel sick.
Okay, then.
As you read the scroll labelled ECWIAROFIO, it crumbles to dust.
Magic quickly surges around you.
It was a scroll of vulnerability.
* * * LOW HITPOINT WARNING * * *
You feel sick.
As you read the scroll labelled EGRETA XEVEOS, it crumbles to dust.
It is a scroll of brand weapon.
Your +0 arbalest is engulfed in flames!
y - a +0 arbalest of flaming (weapon)
* * * LOW HITPOINT WARNING * * *
You feel sick.
As you read the scroll labelled MIKOTA VECRAU, it crumbles to dust.
You hear a loud clanging noise!
It was a scroll of noise.
* * * LOW HITPOINT WARNING * * *
You feel sick.
As you read the scroll labelled WYGIRGH FEITS, it crumbles to dust.
It is a scroll of amnesia.
You feel forgetful for a moment.
* * * LOW HITPOINT WARNING * * *
You feel sick.
As you read the scroll labelled JOEFEYGOSER, it crumbles to dust.
It is a scroll of identify.
q - a scroll of blinking
* * * LOW HITPOINT WARNING * * *
You feel sick.
As you read the scroll labelled BIFUC QUIF, it crumbles to dust.
You feel a surge of unholy energy.
It was a scroll of torment.
Okay, then.
You die...

#>..g# ..## #.g..# ...
#..g.+. # ###..#
#....##.#.#.#..#
####....##...#.#..#.#..
#.......# #......§....
#......# ###.#######.
#....#)#######†#
####.#.[.))..♣.#
#.......######
#..##...# #..##...#
#..##...### #.........#
####.......#.#
#....#.....#.#
#.####<[...#.#####


There were no monsters in sight!

Vanquished Creatures
  A steam dragon (D:7)
  A water moccasin (D:7)
  A scorpion (D:7)
  2 hounds
  A jelly (D:4)
  A gnoll bouda (D:7)
  4 orc priests
  An orc wizard (D:4)
  4 gnolls (D:7)
  6 adders
  A shadow imp (D:7)
  A worm (D:2)
  3 dart slugs
  12 orcs
  9 endoplasms
  A giant cockroach (D:1)
  7 goblins
  6 hobgoblins
  2 jackals (D:3)
  4 kobolds
  3 quokkas
  7 ball pythons
  4 bats
  5 frilled lizards
  8 rats
95 creatures vanquished.

Notes
Turn   | Place    | Note
-------+----------+-------------------------------------------
     0 | D:1      | cheesebisquit the Minotaur Hunter began the quest for the
                  | Orb.
     0 | D:1      | Reached XP level 1. HP: 18/18 MP: 0/0
   160 | D:1      | Reached XP level 2. HP: 12/25 MP: 1/1
   163 | D:1      | Reached skill level 5 in Ranged Weapons
   904 | D:1      | Found a faded altar of an unknown god.
   961 | D:1      | Reached XP level 3. HP: 27/30 MP: 2/2
   984 | D:1      | Found Hifeys's Assorted Antiques.
  1269 | D:2      | Reached skill level 6 in Ranged Weapons
  1519 | D:2      | Reached XP level 4. HP: 32/37 MP: 3/3
  2327 | D:3      | Found a transporter.
  2331 | D:3      | Found a transporter.
  2820 | D:4      | Found an ornate altar of the Wu Jian Council.
  2836 | D:4      | Reached skill level 7 in Ranged Weapons
  2836 | D:4      | Reached XP level 5. HP: 42/42 MP: 4/4
  3261 | D:4      | Reached skill level 8 in Ranged Weapons
  3324 | D:4      | Reached XP level 6. HP: 50/50 MP: 5/5
  3372 | D:4      | Found a glowing silver altar of Zin.
  3473 | D:5      | Entered Level 5 of the Dungeon
  3528 | D:5      | You are sucked into a shaft and drop 2 floors!
  3964 | D:6      | HP: 1/75 [orc priest/+0 club (5)]
  3971 | D:6      | Reached skill level 9 in Ranged Weapons
  4285 | D:6      | Noticed Blork the orc
  4546 | D:6      | Noticed a steam dragon
  4623 | D:7      | Reached XP level 7. HP: 56/56 MP: 6/6
  4729 | D:7      | Noticed a steam dragon
  4739 | D:7      | Killed a steam dragon
  4753 | D:7      | Reached skill level 10 in Ranged Weapons
  4758 | D:7      | HP: 4/84 [poisoned by a water moccasin]
  4761 | D:7      | HP: 1/84 [poisoned by a water moccasin]
  4763 | D:7      | Succumbed to a water moccasin's poison

Illustrated notes

Levels and vault maps discovered:
D:1:      elethiomel_arrival_infinity_welcomes_careful_drivers, layout_basic,
          serial_shops, nicolae_shop_overgrown_old_shop, basic_ecumenical_altar,
          minmay_nonomino_d4
D:2:      layout_basic, minmay_misc_feat_four_crosses,
          nicolae_concentric_dashed_squares_wild
D:3:      gammafunk_steamed_eel, layout_loops_ring, dk_vineyard_2
D:4:      layout_rooms, mainiacjoe_overflow_alcove_4, zin_scriptorium
D:5:      layout_gridville, lemuel_round_altar, uniq_ijyb
D:6:      layout_basic, minmay_temple_entry_statues_pillars, uniq_blork_the_orc
D:7:      layout_basic, kennysheep_mini, mainiacjoe_overflow_catwalk_spiral,
          chequers_serial_rivers_large_b, minmay_misc_feat_nine_boxes

Skill      XL: |  1  2  3  4  5  6  7 |
---------------+----------------------+-----
Ranged Weapons | 5 6 7 8 9 10 | 10.2
Fighting       | |  2.4
Dodging        | |  2.1
Stealth        | |  0.7

Action                   |  1- 3 |  4- 6 |  7- 9 || total
-------------------------+-------+-------+-------++-------
Melee: Unarmed           |       |     7 |       ||     7
 Fire: Shortbow          |   119 |    60 |       ||   179
       Arbalest          |       |    53 |     7 ||    60
  Use: Scroll            |       |     1 |     7 ||     8
       Potion            |       |     1 |     6 ||     7
Armor: Leather armour    |    14 |     3 |       ||    17
       Ring mail         |       |    11 |       ||    11
       Skin              |       |     8 |       ||     8
Dodge: Dodged            |    37 |    29 |     5 ||    71
